 Zot Defence DCSS version 0.15.2 (webtiles) character file.

42 mastercheaf21 the Skirmisher (level 3, 0/1 (24) HPs)
             Began as a Gargoyle Berserker on Nov 8, 2017.
             Was a Follower of Trog.
             Rotted away (a bat)
             ... in the Realm of Zot (Scenario I: Hall of Zot).
             The game lasted 00:04:07 (419 turns).

mastercheaf21 the Skirmisher (Gargoyle Berserker)    Turns: 419, Time: 00:04:08

HP   0/1 (24)    AC  5     Str 20      XL: 3   Next: 54%
MP   3/3         EV 12     Int  7      God: Trog [*.....]
Gold 0           SH  0     Dex 10      Spells:  0 memorised,  2 levels left

rFire  . . .     SeeInvis .     a - +0 spear
rCold  . . .     Clarity  .     b - +0 animal skin
rNeg   + . .     rCorr    .     (no shield)
rPois  +         rRot     +     (no helmet)
rElec  +         Spirit   .     (no cloak)
SustAb .         Warding  .     (no gloves)
rMut   .         Stasis   .     (no boots)
Gourm  .                        (no amulet)
MR     .....                    (no ring)
                                (no ring)

@: not resistant to hostile enchantments, very unstealthy
A: negative energy resistance 1, electricity resistance, unbreathing,
petrification resistance, rot immunity, AC +3
a: Make oklob sapling, Make arrow trap, Burn Spellbooks, Berserk, Renounce
Religion


You were in the Realm of Zot.
You worshipped Trog.
Trog was aware of your devotion.
You were not hungry.

You visited 1 branch

Inventory:

Hand weapons
 a - a +0 spear (weapon)
Armour
 b - a +0 animal skin (worn)
Comestibles
 d - a bread ration
Scrolls
 i - a scroll of blinking
Potions
 c - 3 potions of curing
 e - a potion of heal wounds
 f - a potion of haste
 g - 2 potions of magic
 h - a potion of berserk rage


   Skills:
 + Level 4.0 Fighting
 + Level 3.1 Polearms
 + Level 2.3 Armour
 + Level 1.9 Dodging


You had 2 spell levels left.
You didn't know any spells.

Dungeon Overview and Level Annotations

Branches:
    Zot (1/1)

Altars:


Innate Abilities, Weirdness & Mutations

You are resistant to torment.
You are immune to poison.
Your stone body is very resilient (AC +3).
You resist negative energy.
You are resistant to electric shocks.
You can survive without breathing.
You are immune to petrification.
You are immune to rotting.


Message History

Your flesh rots away as the Orb of Zot is desecrated. x3
Your flesh rots away as the Orb of Zot is desecrated.
The giant cockroach closely misses you.
Your flesh rots away as the Orb of Zot is desecrated. x2
Your flesh rots away as the Orb of Zot is desecrated. x2
Your flesh rots away as the Orb of Zot is desecrated.
The giant cockroach bites you.
Your flesh rots away as the Orb of Zot is desecrated.
Your flesh rots away as the Orb of Zot is desecrated. x3
Your flesh rots away as the Orb of Zot is desecrated. x5
Your flesh rots away as the Orb of Zot is desecrated.
You hit the giant cockroach.
The giant cockroach is moderately wounded.
Your flesh rots away as the Orb of Zot is desecrated.
Your flesh rots away as the Orb of Zot is desecrated.
The giant newt misses you.
You completely miss the giant newt.
Your flesh rots away as the Orb of Zot is desecrated. x2
Ouch! That really hurt!
You die...

##### ############# ####
####........ ...###
###........... .....##
##............. ......# ▓▓▓▓▓▓▓▓▓
#..............
......▓▓▓.......▓▓▓..............
......▓▓.........▓▓...g..........
......▓......s....▓g.............
...........Sbb..@ll.r............
......▓...........▓..............
......▓▓.........▓▓..............
......▓▓▓.......▓▓▓..............
......▓ ▓▓▓▓▓▓▓▓▓ ▓..............
.....▓▓ ▓▓............. ...▓▓▓
▓▓▓........... ▓▓▓▓ ▓▓▓▓........
▓▓▓▓ ▓▓▓▓▓▓▓▓▓▓▓▓


You could see a giant cockroach, 2 goblins, 2 bats, a ball python, 2 giant newts
and a rat.

Vanquished Creatures
  2 oozes (Zot)
  An orc (Zot)
  A giant cockroach (Zot)
  2 goblins (Zot)
  A ball python (Zot)
  5 bats (Zot)
  3 kobolds (Zot)
  4 rats (Zot)
19 creatures vanquished.

Notes
Turn   | Place    | Note
--------------------------------------------------------------
     0 | Zot      | mastercheaf21, the Gargoyle Berserker, began the quest for the Orb.
     0 | Zot      | Reached XP level 1. HP: 14/14 MP: 1/1
   238 | Zot      | Reached XP level 2. HP: 19/19 MP: 2/2
   331 | Zot      | Reached XP level 3. HP: 21/24 MP: 3/3
   368 | Zot      | Reached skill level 4 in Fighting
   419 | Zot      | Rotted away (a bat)

Action                   || total
-------------------------++-------
Melee: Spear             ||    91
